 Dungeon Crawl Stone Soup version 0.29-a0-648-g6b26cc9f40 (webtiles) character file.

Game seed: 1931264920580350752

51 KristoblXynda the Skirmisher (level 3, -10/43 HPs)
             Began as a Demonspawn Monk on June 20, 2022.
             Mangled by Terence
             ... wielding a +0 flail
              (11 damage)
             ... on level 2 of the Dungeon.
             The game lasted 00:01:38 (2298 turns).

KristoblXynda the Skirmisher (Demonspawn Monk)      Turns: 2298, Time: 00:01:39

Health: -10/43     AC:  5    Str: 13    XL:     3   Next: 57%
Magic:  3/3        EV: 11    Int: 11    God:
Gold:   16         SH:  0    Dex: 15    Spells: 2/2 levels left

rFire   . . .      SeeInvis .     - Unarmed
rCold   . . .      Faith    .   (no shield)
rNeg    . . .      Spirit   .   j - +0 ring mail
rPois   .          Reflect  .   (no helmet)
rElec   .          Harm     .   (no cloak)
rCorr   .          Rampage  .   (no gloves)
Will    .....                   (no boots)
Stlth   ..........              (no amulet)
HPRegen 0.14/turn               (no ring)
MPRegen 0.08/turn               (no ring)

@: mighty, berserking (expiring), very quick
A: powered by pain 1, demonic magic 1
a: no special abilities


You were on level 2 of the Dungeon.
You visited 1 branch of the dungeon, and saw 2 of its levels.

You collected 16 gold pieces.

Inventory:

Armour
 j - a +0 ring mail (worn)
Jewellery
 h - an amulet of faith
Scrolls
 d - 2 scrolls of identify {unknown}
 f - a scroll of teleportation {unknown}
 k - a scroll of vulnerability {unknown}
 m - a scroll of blinking {unknown}
Potions
 a - a potion of mutation {unknown}
 b - a potion of ambrosia
 c - a potion of heal wounds {unknown}
 e - a potion of degeneration {unknown}
 g - a potion of lignification
 l - 2 potions of brilliance {unknown}
 n - a potion of haste {unknown}


   Skills:
 + Level 3.4 Fighting
 + Level 1.2 Armour
 + Level 3.1 Dodging
 - Level 1.7 Stealth
 + Level 3.2 Unarmed Combat


You had 2 spell levels left.
You didn't know any spells.
Your spell library was empty.

Dungeon Overview and Level Annotations

Branches:
Dungeon (2/15)

Altars:

Annotations:
D:2 Terence


Innate Abilities, Weirdness & Mutations

You sometimes gain a little power by taking damage.
Spells you cast may paralyse adjacent enemies.


Message History

Terence is lightly wounded.
Terence hits you with a +0 flail!
* * * LOW HITPOINT WARNING * * *
The rat bites you but does no damage.
You are too injured to fight recklessly!
You are too injured to fight recklessly!
You are too injured to fight recklessly!
You are too injured to fight recklessly!
You are too injured to fight recklessly!
You are too injured to fight recklessly!
You are too injured to fight recklessly!
You are too injured to fight recklessly!
You are too injured to fight recklessly!
You are too injured to fight recklessly!
You are too injured to fight recklessly!
You are too injured to fight recklessly!
Unknown command.
The rat attacks as you move away! The rat bites you but does no damage.
Terence looks scornfully at you. Terence attacks as you move away!
Terence hits you but does no damage.
A red film seems to cover your vision as you go berserk!
You feel yourself moving faster!
You feel mighty! Terence hits you with a +0 flail!
* * * LOW HITPOINT WARNING * * *
You focus on the pain.
You feel very mighty all of a sudden.
You closely miss Terence.
Terence is lightly wounded.
You hit Terence but do no damage.
Terence is lightly wounded.
Terence closely misses you.
You barely miss Terence.
Terence is lightly wounded.
You punch Terence!
Terence is heavily wounded.
Terence misses you.
You hit Terence but do no damage.
Terence is heavily wounded.
Terence hits you with a +0 flail!
You die...

####.....<.## #.#
............## #.#
#..#.....#..#
..#.....#..########
##...##.........#
#...#..#######..
##.##..###
#.#.....##########..
###.......@@r......#
#...##.#.##.#####.
#... #.#.#....#
...## #...#....#
..## #..##...).. ..#
..........## ..
.....#.....#
#.....#...... .
#....#.#


You could see Terence and a rat.

Vanquished Creatures
  2 adders
  6 bats
  2 endoplasms (D:2)
  6 goblins
  3 hobgoblins (D:1)
  2 kobolds (D:1)
  3 quokkas
  A ball python (D:2)
  3 frilled lizards (D:1)
  4 rats
32 creatures vanquished.

Notes
Turn   | Place    | Note
-------+----------+-------------------------------------------
     0 | D:1      | KristoblXynda the Demonspawn Monk began the quest for the
                  | Orb.
     0 | D:1      | Reached XP level 1. HP: 18/18 MP: 1/1
   502 | D:1      | Gained mutation: Spells you cast may paralyse adjacent
                  | enemies. [demonic ancestry]
   502 | D:1      | Reached XP level 2. HP: 20/24 MP: 2/2
  1349 | D:1      | Found a faded altar of an unknown god.
  1653 | D:1      | Reached skill level 1 in Armour
  1653 | D:1      | Gained mutation: You sometimes gain a little power by
                  | taking damage. [demonic ancestry]
  1653 | D:1      | Reached XP level 3. HP: 25/29 MP: 3/3
  2282 | D:2      | Noticed Terence
  2293 | D:2      | HP: 1/43 [Terence/+0 flail (12)]
  2298 | D:2      | Mangled by Terence

Illustrated notes

Levels and vault maps discovered:
D:1:      psy_arrival_statuary, layout_basic,
          shapermc_ecumenical_altar_acropolis
D:2:      layout_rooms, minmay_unequal, uniq_terence

Skill      XL: |  1  2 |
---------------+-------+-----
Unarmed Combat | 3 |  3.2
Armour         | 1 |  1.2
Dodging        | 3 |  3.1
Fighting       | |  3.4
Stealth        | |  1.7

Action                   || total
-------------------------++-------
Melee: Unarmed           ||   144
       Punch             ||     2
  Use: Potion            ||     3
 Stab: Sleeping          ||     4
Armor: Robe              ||    11
       Ring mail         ||    51
       Skin              ||     3
Dodge: Dodged            ||   105

Table legend: (Time is in decaauts)
 A = Elapsed time spent in this place.
 B = Non-inter-level travel time spent in this place.
 C = Inter-level travel time spent in this place.
 D = Time resting spent in this place.
 E = Time spent auto-exploring this place.
 F = Levels seen in this place.
 G = Mean time per level.
                   A        B        C        D        E       F      G
               +--------+--------+--------+--------+--------+-----+--------+
         Total |   2300 |   2260 |     40 |   1130 |    821 |   2 | 1150.0 |
       Dungeon |   2300 |   2260 |     40 |   1130 |    821 |   2 | 1150.0 |
               +--------+--------+--------+--------+--------+-----+--------+

Top non-repeatable levels by time:
     D:1: 1824 daAuts
     D:2: 476 daAuts
